 Dungeon Crawl Stone Soup version 0.30-a0-557-ge2afbf3030 (webtiles) character file.

Game seed: 11269696673773947878

70 bande the Covered (level 4, -9/28 HPs)
             Began as a Gargoyle Fighter on Dec 27, 2022.
             Mangled by a shadow (29 damage)
             ... on level 6 of the Dungeon.
             The game lasted 00:02:25 (1931 turns).

bande the Covered (Gargoyle Fighter)                Turns: 1931, Time: 00:02:26

Health: -9/28      AC: 13    Str: 19    XL:     4   Next: 21%
Magic:  4/4        EV:  7    Int:  9    God:
Gold:   113        SH:  4    Dex: 11    Spells: 3/3 levels left

rFire   . . .      SeeInvis .    a - +0 war axe
rCold   . . .      Faith    .    c - +0 buckler
rNeg    + . .      Spirit   .    f - +0 chain mail
rPois   ∞          Reflect  .    (no helmet)
rElec   +          Harm     .    (no cloak)
rCorr   .          Rampage  .    (no gloves)
Will    .....                    (no boots) Stlth
                                 (no amulet)
HPRegen 0.24/turn                (no ring)
MPRegen 0.09/turn                (no ring)

@: no status effects
A: sickness immunity, AC +3, negative energy resistance 1, electricity
resistance, torment resistance 1, petrification resistance
a: no special abilities


You were on level 6 of the Dungeon.
You visited 1 branch of the dungeon, and saw 4 of its levels.

You collected 113 gold pieces.

Inventory:

Hand Weapons
 a - a +0 war axe (weapon)
 p - a +0 war axe
Armour
 c - a +0 buckler (worn)
 f - a +0 chain mail (worn)
Jewellery
 i - a ring of magical power
Wands
 l - a wand of roots (11)
Scrolls
 b - a scroll of poison {unknown}
 g - a scroll of identify {unknown}
 j - a scroll of butterflies {unknown}
 k - a scroll of vulnerability {unknown}
 m - a scroll of teleportation {unknown}
 n - a scroll of silence {unknown}
 o - a scroll of enchant armour {unknown}
Potions
 d - 2 potions of might
 e - a potion of magic {unknown}
 h - 2 potions of curing {unknown}


   Skills:
 + Level 3.5 Fighting
 + Level 2.9 Axes
 + Level 4.0 Armour
 - Level 0.2 Stealth
 + Level 3.6 Shields


You had 3 spell levels left.
You didn't know any spells.
Your spell library contained the following spells:

 Spells                   Type           Power      Damage    Failure   Level
 Summon Guardian Golem    Hex/Summ       0%         N/A       100%        3
 Orb of Destruction       Conj           0%         9d5       100%        7
 Spellforged Servitor     Conj/Summ      0%         N/A       100%        7


Dungeon Overview and Level Annotations

Branches:
Dungeon (3/15)

Altars:

Shops:
D:2 (=*((


Innate Abilities, Weirdness & Mutations

You are immune to sickness and miasma.
Your stone body is resilient. (AC +3)
You are immune to poison.
You resist negative energy. (rN+)
You are resistant to electric shocks. (rElec)
You are resistant to unholy torment.
You are immune to petrification.


Message History

The white imp closely misses you.
You hit the white imp.
The white imp is heavily wounded.
The white imp hits you but does no damage.
A shadow comes into view.
The white imp gestures at you.
The puff of frost hits you but does no damage.
You hit the white imp but do no damage.
The white imp is heavily wounded.
You block the white imp's attack.
You hit the white imp.
You kill the white imp!
The shadow slips into darkness.
The shadow flickers and vanishes!
Deactivating autopickup; reactivate with Ctrl-A.
No target in view!
No target in view!
No target in view!
No target in view!
No target in view!
You see here 2 large rocks.
The shadow strikes at you from the darkness!
Reactivating autopickup.
The shadow attacks as you move away! The shadow hits you.
You hit the shadow but do no damage. The shadow hits you.
You barely miss the shadow. The shadow barely misses you.
You hit the shadow.
The shadow is lightly damaged.
The shadow hits you. x2
You barely miss the shadow.
The shadow is lightly damaged.
The shadow hits you.
You slash the shadow!
The shadow is severely damaged.
The shadow slips into darkness.
The shadow flickers and vanishes!
Deactivating autopickup; reactivate with Ctrl-A.
The shadow strikes at you from the darkness!
Ouch! That really hurt!
You die...

#.# #.# . #.# #####
... #.# #...####.....
#.# #.#.(........
.######.#
#{#..........
........#
#@#..........
######'###.#..........
#..........#..........
#.#......###..........
#.#......# #.####'#...
#.#......# #.. .####
#.#......# #.#......#
#.####...#


There were no monsters in sight!

Vanquished Creatures
  3 adders
  2 white imps (D:6)
  4 endoplasms
  2 giant cockroaches (D:3)
  2 hobgoblins
  4 kobolds
  A quokka (D:1)
  3 ball pythons
  A bat (D:1)
  A frilled lizard (D:2)
  4 goblins
  4 rats
31 creatures vanquished.

Notes
Turn   | Place    | Note
-------+----------+-------------------------------------------
     0 | D:1      | bande the Gargoyle Fighter began the quest for the Orb.
     0 | D:1      | Reached XP level 1. HP: 14/14 MP: 1/1
   403 | D:1      | Reached XP level 2. HP: 19/19 MP: 2/2
   824 | D:2      | Found Mycigis's Jewellery Boutique.
   838 | D:2      | Found Zimaosso's Antique Weapon Shop.
   848 | D:2      | Found Kutsil's Antique Weapon Emporium.
   935 | D:2      | Found Weirphiokk's Weapon Shop.
   982 | D:2      | Found a faded altar of an unknown god.
  1027 | D:2      | Found Lufoapro's Assorted Antiques.
  1324 | D:3      | Reached XP level 3. HP: 23/23 MP: 3/3
  1487 | D:3      | You fall into a shaft and drop 3 floors!
  1617 | D:6      | Reached skill level 4 in Armour
  1617 | D:6      | Reached XP level 4. HP: 19/28 MP: 4/4
  1916 | D:6      | Noticed a shadow
  1931 | D:6      | Mangled by a shadow

Illustrated notes

Levels and vault maps discovered:
D:1:      grunt_arrival_lava_bath, layout_basic, hangedman_decor_growths,
          st_stairs_7
D:2:      layout_rooms, shapermc_ecumenical_altar_flowoftime, serial_shops,
          nicolae_shop_window_shopping, nicolae_shop_overgrown_old_shop, shop,
          nicolae_shop_overgrown_old_shop,
          nicolae_shop_temple_entry_statues_fountains
D:3:      layout_loops_ring, gammafunk_temple_overflow_statue,
          mainiacjoe_overflow_surrounded_room, uniq_jessica
D:6:      layout_basic, nicolae_vehumet_altar_sigil

Skill      XL: |  1  2  3 |
---------------+----------+-----
Axes           | 2 |  2.9
Armour         | 4 |  4.0
Fighting       | |  3.5
Stealth        | |  0.2
Shields        | |  3.6

Action                   |  1- 3 |  4- 6 || total
-------------------------+-------+-------++-------
Melee: War axe           |   104 |     8 ||   112
Armor: Chain mail        |    66 |     6 ||    72
       Scale mail        |     7 |       ||     7
Dodge: Dodged            |    35 |     2 ||    37
Block: Buckler           |    24 |     1 ||    25

Table legend: (Time is in decaauts)
 A = Elapsed time spent in this place.
 B = Non-inter-level travel time spent in this place.
 C = Inter-level travel time spent in this place.
 D = Time resting spent in this place.
 E = Time spent auto-exploring this place.
 F = Levels seen in this place.
 G = Mean time per level.
                   A        B        C        D        E       F      G
               +--------+--------+--------+--------+--------+-----+--------+
         Total |   1977 |   1927 |     50 |    235 |   1389 |   4 |  494.2 |
       Dungeon |   1977 |   1927 |     50 |    235 |   1389 |   4 |  494.2 |
               +--------+--------+--------+--------+--------+-----+--------+

Top non-repeatable levels by time:
     D:1: 821 daAuts
     D:6: 456 daAuts
     D:2: 453 daAuts
     D:3: 246 daAuts
